 Dungeon Crawl Stone Soup version 0.18.1-48-g4cf74bf (webtiles) character file.

296 Jerry the Chopper (level 6, -10/51 HPs)
             Began as a Hill Orc Gladiator on Aug 5, 2016.
             Killed by divine providence
             ... invoked by an orc priest
              (15 damage)
             ... on level 3 of the Dungeon.
             The game lasted 00:17:46 (2853 turns).

Jerry the Chopper (Hill Orc Gladiator)              Turns: 2853, Time: 00:17:47

Health: -10/51     AC: 11    Str: 17 (18) XL:     6   Next: 35%
Magic:  6/6        EV: 17    Int:  9 (10) God:
Gold:   222        SH:  2    Dex: 16      Spells: 0 memorised, 5 levels left

rFire  . . .     SeeInvis .     j - -2 blowgun (curse)
rCold  . . .     Gourm    .     s - +0 ring mail (curse)
rNeg   . . .     Faith    +     (no shield)
rPois  .         Spirit   .     c - +0 helmet
rElec  .         Dismiss  .     i - +0 cloak
rCorr  +         Reflect  .     (no gloves)
SustAt .         Harm     .     (no boots)
MR     .....                    e - amulet of faith
Stlth  ++........               (no ring)
                                t - ring of resist corrosion

@: agile, not resistant to hostile enchantments, unstealthy
A: large bone plates 1, rugged brown scales 1
a: Convert to Beogh


You were on level 3 of the Dungeon.
You were not hungry.

You visited 1 branch of the dungeon, and saw 4 of its levels.

You collected 222 gold pieces.

Inventory:

Hand Weapons
 a - a +0 war axe
 j - a cursed -2 blowgun (weapon)
 m - a +0 battleaxe
Missiles
 d - 3 throwing nets (quivered)
Armour
 b - a +0 leather armour
 c - a +0 helmet (worn)
 i - a +0 cloak (worn)
 q - a +0 buckler
 s - a cursed +0 ring mail (worn)
Jewellery
 e - an amulet of faith (around neck)
 t - a ring of resist corrosion (left hand)
Wands
 k - a wand of lightning (0/15)
Scrolls
 g - 2 scrolls of identify
Potions
 p - a potion of flight {unknown}
 r - a potion of curing
Comestibles
 f - 3 bread rations
 h - 3 chunks of flesh
 l - 4 meat rations


   Skills:
 - Level 2.4 Fighting
 + Level 6.8 Axes
 - Level 1.7 Throwing
 + Level 4.7 Armour
 - Level 2.4 Dodging


You had 5 spell levels left.
You didn't know any spells.

Dungeon Overview and Level Annotations

Branches:
Dungeon (4/15)
 Temple: D:4-7

Altars:
Fedhas
Pakellas
Ru
Trog
Yredelemnul
Zin


Innate Abilities, Weirdness & Mutations

You are partially covered in large bone plates (AC +2, SH +2).
You are partially covered in rugged brown scales (AC +1, +3% HP).


Message History

Drink which item? (? for menu, Esc to quit)
You feel agile all of a sudden. The bat hits you but does no damage.
The orc priest misses you. The bat misses you. You block the bat's attack.
The orc priest casts a cantrip, but nothing happens.
The bat barely misses you. The bat hits you but does no damage.
The bat misses you.
The orc shouts!
The orc priest calls down the wrath of Beogh upon you.
Pain shoots through your body!
The orc priest invokes the aid of Beogh against you.
Beogh smites you!
The orc priest invokes the aid of Beogh against you.
Beogh smites you!
* * * LOW HITPOINT WARNING * * *
The orc priest invokes the aid of Beogh against you.
Beogh smites you!
You die...

.............##..#'########
........[.# #............#
.........[# #............#
....÷.....# #............#
..........##.#......÷.....#
......>......#............#
#######......#............#
#...................#####
#......#..@..............
#.?....#..(....o.....######
#......#.........o.........
#......#....†.......####...
.......###<#############.#.
.......# #.# #...).......
..###### #.# #.........#.
...# ### #.........#.
#.......†.')


You could see an orc priest and an orc.

Vanquished Creatures
  An ice beast (D:3)
  2 orc wizards (D:4)
  An iguana (D:4)
  A hound skeleton (D:4)
  5 adders
  An ooze (D:1)
  A worm (D:2)
  A dart slug (D:1)
  2 giant geckos (D:1)
  4 orcs
  2 goblins
  9 hobgoblins
  3 jackals (D:3)
  10 kobolds
  2 quokkas (D:2)
  5 bats
  2 giant newts
  4 rats
56 creatures vanquished.

Notes
Turn   | Place    | Note
--------------------------------------------------------------
     0 | D:1      | Jerry the Hill Orc Gladiator began the quest for the Orb.
     0 | D:1      | Reached XP level 1. HP: 18/18 MP: 1/1
   233 | D:1      | Reached skill level 1 in Armour
   233 | D:1      | Reached XP level 2. HP: 24/25 MP: 2/2
   929 | D:2      | Reached XP level 3. HP: 29/30 MP: 3/3
  1285 | D:2      | You fall through a shaft for 2 floors!
  1315 | D:3      | Found a bloodstained altar of Trog.
  1352 | D:4      | Reached skill level 5 in Axes
  1362 | D:4      | Reached XP level 4. HP: 26/37 MP: 4/4
  1411 | D:4      | Found an oddly glowing altar of Pakellas.
  1412 | D:4      | Noticed a hungry ghost
  1558 | D:4      | Gained mutation: You are partially covered in large bone plates (AC +2, SH +2). [potion of beneficial mutation]
  1566 | D:4      | Reached XP level 5. HP: 26/42 MP: 5/5
  1569 | D:4      | Reached skill level 6 in Axes
  1753 | D:4      | Gained mutation: You are partially covered in rugged brown scales (AC +1, +3% HP). [potion of beneficial mutation]
  1885 | D:3      | Noticed an ice beast
  2072 | D:2      | Found a glowing silver altar of Zin.
  2073 | D:2      | Found a basalt altar of Yredelemnul.
  2074 | D:2      | Found a sacrificial altar of Ru.
  2080 | D:2      | Found a blossoming altar of Fedhas.
  2429 | D:2      | Found a faded altar to an unknown god.
  2708 | D:3      | Killed an ice beast
  2708 | D:3      | Reached XP level 6. HP: 47/51 MP: 6/6
  2853 | D:3      | Killed from afar by an orc priest

Skill      XL: |  1  2  3  4  5 |
---------------+----------------+-----
Armour         | 1 2 3 4 |  4.7
Axes           | 5 6 |  6.8
Fighting       | |  2.4
Throwing       | |  1.7
Dodging        | |  2.4

Action                   |  1- 3 |  4- 6 || total
-------------------------+-------+-------++-------
Melee: War axe           |    54 |       ||    54
       Battleaxe         |    29 |    23 ||    52
       Blowgun           |       |    10 ||    10
 Fire: Blowgun           |       |    34 ||    34
Throw: Throwing net      |       |     3 ||     3
Evoke: Wand              |       |     8 ||     8
  Use: Potion            |       |     7 ||     7
       Scroll            |       |     4 ||     4
 Stab: Held in net/web   |       |     1 ||     1
  Eat: Chunk             |     1 |     5 ||     6
Armor: Leather armour    |    26 |     2 ||    28
       Ring mail         |       |    73 ||    73
Dodge: Dodged            |    75 |    77 ||   152
Block: Other             |       |     7 ||     7
